 Dungeon Crawl Stone Soup version 0.20-a0-864-g92acfd1 (webtiles) character file.

10056 LordEnrai the Basher (level 11, -12/90 HPs)
             Began as a Human Fighter on Mar 12, 2017.
             Was a Priest of the Shining One.
             Killed from afar by a hellion (29 damage)
             ... with damnation
             ... on level 1 of the Abyss.
             The game lasted 00:41:22 (13321 turns).

LordEnrai the Basher (Human Fighter)               Turns: 13321, Time: 00:41:23

Health: -12/90     AC:  6    Str: 21      XL:     11   Next: 85%
Magic:  11/11      EV: 11    Int:  6 (8)  God:    the Shining One [***...]
Gold:   408        SH: 19    Dex: 12      Spells: 10/10 levels left

rFire    + + .     SeeInvis .   o - +10 club
rCold    + + .     Gourm    .   b - +0 scale mail
rNeg     + . .     Faith    .   y - +2 shield of Resistance {rF+ rC+ MR+}
rPois    .         Spirit   .   (no helmet)
rElec    .         Reflect  .   A - scarf {rC+ rF+}
rCorr    .         Harm     .   (no gloves)
MR       ++...                  l - +0 pair of boots
Stlth    ..........             n - amulet of rage
Regen    0.3/turn               i - +3 ring of evasion
MPRegen  0.2/turn               t - ring of protection from magic

@: exhausted, divine shield, slowed, glowing, very slow
A: deformed body, MP-powered wands
a: Divine Shield, Renounce Religion, Evoke Berserk Rage


You were on level 1 of the Abyss.
You worshipped the Shining One.
The Shining One was most pleased with you.
You were not hungry.

You visited 2 branches of the dungeon, and saw 11 of its levels.
You visited the Abyss 1 time.

You collected 434 gold pieces.
You donated 26 gold pieces to Zin.

Inventory:

Hand Weapons
 a - a +0 flail
 o - a +10 club (weapon)
 p - a +0 spear (quivered)
 x - a +1 morningstar of protection
Armour
 b - a +0 scale mail (worn)
 c - a +1 shield
 d - the +0 ring mail of Chill Winds {rElec MR+++ Str-4 Dex+3}
   (You found it on level 6 of the Dungeon)

   It affects your strength (-4).
   It affects your dexterity (+3).
   It insulates you from electricity.
   It affects your resistance to hostile enchantments.
 l - a +0 pair of boots (worn)
 y - the +2 shield of Resistance (worn) {rF+ rC+ MR+}
   (You acquired it on level 9 of the Dungeon)

   It protects you from fire.
   It protects you from cold.
   It affects your resistance to hostile enchantments.
 A - a scarf of resistance (worn)
Magical Staves
 D - an uncursed staff of cold {unknown}
 E - an uncursed staff of fire {unknown}
Jewellery
 g - an uncursed ring of ice
 i - a +3 ring of evasion (right hand)
 j - an uncursed ring of poison resistance
 n - an amulet of rage (around neck)
 t - a ring of protection from magic (left hand)
 v - an uncursed ring of magical power
Wands
 r - a wand of lightning (5/15)
 z - a wand of polymorph (16/24)
 C - a wand of iceblast (7/15)
Scrolls
 e - 2 scrolls of amnesia
 q - a scroll of remove curse
 s - 3 scrolls of identify
 u - 2 scrolls of magic mapping
 w - a scroll of recharging
Potions
 m - a potion of cancellation
 B - a potion of haste
Comestibles
 f - 7 bread rations
 h - 6 royal jellies
 k - 3 meat rations


   Skills:
 - Level 10.0 Fighting
 - Level 11.0 Maces & Flails
 * Level 7.4 Armour
 - Level 0.6 Dodging
 * Level 8.6 Shields
 + Level 0.2 Invocations
 - Level 1.0 Evocations


You had 10 spell levels left.
You didn't know any spells.

Dungeon Overview and Level Annotations

Branches:
Dungeon (10/15)            Temple (1/1) D:7            Lair (0/6) D:8
    Orc: D:9-12

Altars:
Ashenzari
Cheibriados
Dithmenos
Elyvilon
Fedhas
Gozag
Hepliaklqana
Kikubaaqudgha
Makhleb
Nemelex Xobeh
Okawaru
Qazlal
Ru
Sif Muna
Trog
Uskayaw
Vehumet
Wu Jian
Xom
Yredelemnul
Zin
The Shining One

Annotations:
D:5 Prince Ribbit
D:10 exclusion: oklob sapling, Sonja


Innate Abilities, Weirdness & Mutations

Armour fits poorly on your strangely shaped body.
You expend magic power (3 MP) to strengthen your wands.


Message History

You bludgeon the flying skull!!
You destroy the flying skull!
The Shining One accepts your kill.
You feel better.
You feel your power returning.
You feel your dexterity returning. The hellion gestures at you.
The sphere of damnation explodes!
The damnation engulfs you!
You feel a strong urge to attack something.
You are no longer berserk.
You are exhausted.
You feel yourself slow down.
You start resting.
The hellion gestures at you.
The sphere of damnation explodes!
The damnation engulfs you!
* * * LOW HITPOINT WARNING * * *
You hear a hideous shriek!
You feel better. The hellion gestures at you.
The sphere of damnation explodes!
The damnation engulfs you!
You die...

# . . .
#####
#.#....
#
.....##
. #.##
### ..
#..###@#
. #
#.z2.#
######


You could see a hellion and a flying skull.

Vanquished Creatures
  Erica (D:9)
  2 two-headed ogres (D:8)
  An elephant (D:8)
  The ghost of moarrgan the Skirmisher, a novice MiBe of Trog (D:6)
  A gargoyle (D:10)
  Grinder (D:2)
  3 hippogriffs
  5 flying skulls (Abyss:1)
  4 hogs (D:7)
  A human (D:7)
  A hungry ghost (D:7)
  2 neqoxecs (Abyss:1)
  A large abomination (Abyss:1)
  Duvessa (D:7)
  4 water moccasins
  A black bear (D:8)
  A phantom (D:6)
  A necrophage (D:6)
  6 ogres
  3 centaurs
  3 crocodiles
  Blork the orc (D:6)
  5 bullfrogs
  Dowan (D:7)
  5 scorpions
  13 wights
  A howler monkey (D:8)
  5 crimson imps
  7 hounds
  A bullfrog zombie (D:10)
  4 jellies
  3 orc priests
  2 centaur skeletons
  3 bullfrog skeletons
  2 iguanas
  5 orc wizards
  Jessica (D:3)
  A worker ant (D:6)
  A killer bee zombie (D:5)
  2 hound zombies
  3 hound skeletons
  A worker ant zombie (D:5)
  7 gnolls
  7 adders
  An ooze (D:5)
  An adder skeleton (D:7)
  2 adder zombies
  4 worms
  4 dart slugs
  8 leopard geckos
  28 orcs
  4 ball pythons
  10 bats
  2 giant cockroaches
  9 goblins
  8 hobgoblins
  11 jackals
  6 quokkas
  8 frilled lizards
  3 kobolds
  A quokka zombie (D:5)
  3 rats
  A fungus (D:7)
  A plant (D:7)
240 creatures vanquished.

Vanquished Creatures (others)
  A black bear (D:7)
  A howler monkey (D:7)
  2 hounds (D:7)
  A hound zombie (D:7)
  3 jackals (D:7)
  A leopard gecko skeleton (D:7)
  2 plants (D:10)
11 creatures vanquished.

Grand Total: 251 creatures vanquished

Notes
Turn   | Place    | Note
-------+----------+-------------------------------------------
     0 | D:1      | LordEnrai the Human Fighter began the quest for the Orb.
     0 | D:1      | Reached XP level 1. HP: 18/18 MP: 1/1
   207 | D:1      | Reached XP level 2. HP: 24/24 MP: 2/2
   530 | D:1      | Reached XP level 3. HP: 27/29 MP: 3/3
  1270 | D:2      | Found a shadowy altar of Dithmenos.
  1395 | D:2      | Reached skill level 3 in Maces & Flails
  1561 | D:2      | Reached XP level 4. HP: 37/37 MP: 4/4
  1742 | D:3      | Noticed Grinder
  1753 | D:2      | Paralysed by Grinder for 5 turns
  1760 | D:2      | Killed Grinder
  1760 | D:2      | Reached skill level 5 in Maces & Flails
  1760 | D:2      | Reached XP level 5. HP: 25/42 MP: 5/5
  1760 | D:2      | Reached XP level 6. HP: 28/48 MP: 6/6
  1925 | D:3      | Found a hazy altar of Hepliaklqana.
  2092 | D:3      | Noticed Jessica
  2097 | D:3      | Killed Jessica
  2757 | D:3      | Reached XP level 7. HP: 40/55 MP: 7/7
  2761 | D:3      | Reached skill level 6 in Maces & Flails
  3252 | D:4      | Reached skill level 5 in Fighting
  3730 | D:5      | Entered Level 5 of the Dungeon
  3755 | D:5      | Reached skill level 7 in Maces & Flails
  3755 | D:5      | Reached XP level 8. HP: 58/63 MP: 8/8
  4329 | D:5      | Noticed a dagger
  4399 | D:5      | Noticed a dagger
  4400 | D:5      | Found a hide-covered altar of Uskayaw.
  4486 | D:5      | Noticed Prince Ribbit
  4778 | D:5      | Reached skill level 8 in Maces & Flails
  5237 | D:6      | Reached XP level 9. HP: 36/71 MP: 9/9
  5266 | D:6      | Reached skill level 9 in Maces & Flails
  5281 | D:6      | Got a bloodstained ring mail
  5282 | D:6      | Identified the +0 ring mail of Chill Winds {rElec MR+++ Str-4 Dex+3} (You found it on level 6 of the Dungeon)
  5367 | D:6      | Found an ancient bone altar of Kikubaaqudgha.
  5377 | D:6      | Noticed Blork the orc
  5386 | D:6      | Killed Blork the orc
  5456 | D:6      | Noticed moarrgan's ghost (novice MiBe)
  5480 | D:6      | Killed moarrgan's ghost
  5480 | D:6      | Reached skill level 1 in Evocations
  6348 | D:7      | Found a staircase to the Ecumenical Temple.
  6357 | Temple   | Entered the Ecumenical Temple
  6573 | Temple   | Became a worshipper of Zin the Law-Giver
  6573 | Temple   | Reached * piety under Zin
  6889 | D:7      | Reached skill level 10 in Maces & Flails
  6908 | D:7      | Reached XP level 10. HP: 35/81 MP: 10/10
  7405 | D:7      | Found a blossoming altar of Fedhas.
  7521 | D:7      | Noticed Duvessa
  7521 | D:7      | Noticed Dowan
  7538 | D:7      | Killed Duvessa
  7838 | D:7      | Killed Dowan
  8068 | D:7      | Reached skill level 11 in Maces & Flails
  8197 | D:7      | Found a glowing golden altar of the Shining One.
  8204 | D:7      | Fell from the grace of Zin
  8204 | D:7      | Became a worshipper of the Shining One
  8336 | D:7      | HP: 1/84 [acid (6)]
  9081 | D:8      | Found a basalt altar of Yredelemnul.
  9081 | D:8      | Found an ornate altar of the Wu Jian Council.
  9106 | D:8      | Reached * piety under the Shining One
  9109 | D:8      | Found a staircase to the Lair.
  9109 | D:8      | Noticed an elephant
  9162 | D:8      | Killed an elephant
  9575 | D:8      | Reached skill level 5 in Shields
  9710 | D:8      | Found a deep blue altar of Sif Muna.
  9710 | D:8      | Noticed a two-headed ogre
  9730 | D:8      | Killed a two-headed ogre
  9730 | D:8      | Reached skill level 5 in Armour
  9730 | D:8      | Reached XP level 11. HP: 9/90 MP: 11/11
 10572 | D:9      | Identified a scroll of acquirement
 10616 | D:9      | Found a shattered altar of Ashenzari.
 10631 | D:9      | Found an iron altar of Okawaru.
 10671 | D:9      | Noticed Erica
 10878 | D:9      | Killed Erica
 10878 | D:9      | Reached skill level 10 in Fighting
 11021 | D:9      | Noticed a two-headed ogre
 11021 | D:9      | Reached ** piety under the Shining One
 11576 | D:8      | Killed a two-headed ogre
 11833 | D:10     | Entered Level 10 of the Dungeon
 11833 | D:10     | Noticed Sonja
 13027 | D:10     | Cast into level 1 of the Abyss (Sonja)
 13152 | Abyss:1  | Gained mutation: You expend magic power (3 MP) to strengthen your wands. [a neqoxec]
 13249 | Abyss:1  | Reached *** piety under the Shining One
 13289 | Abyss:1  | Gained mutation: Armour fits poorly on your strangely shaped body. [a neqoxec]
 13321 | Abyss:1  | Killed from afar by a hellion

Vault maps used:
D:1:      dpeg_chamrin_arrival_tetris
D:2:      lemuel_crystal_altar, small_statue_intersection
D:3:      nicolae_overflow_hidden_temple, uniq_jessica, uniq_grinder
D:5:      dancing_weapons_uskayaw, first_bread, cheibrodos_gnoll_hut,
          uniq_prince_ribbit1
D:6:      kiku_gazebo_pond_becter, st_stairs_6, uniq_blork_the_orc
D:7:      fedhas_altar_3, tso_altar, lemuel_temple_firewalk_a, grunt_livestock,
          uniq_duvessa
D:8:      nicolae_overflow_crystal_walls,
          chequers_temple_overflow_statue_of_worship, david_lair_generic
D:9:      ashenzari_altar_1, overflow_temple_1_default,
          kennysheep_generic_room_16, uniq_erica
D:10:     introduction_to_nature_2, uniq_sonja
Temple:   minmay_temple_curvy_loop

Skill      XL: |  1  2  3  4  5  6  7  8  9 10 11 |
---------------+----------------------------------+-----
Maces & Flails | 3 5 7 8 10 11 | 11.0
Fighting       | 4 5 6 8 9 10 | 10.0
Evocations     | 1 |  1.0
Armour         | 5 7 |  7.4
Shields        | 5 8 |  8.6
Dodging        | |  0.6
Invocations    | |  0.2

Action                   |  1- 3 |  4- 6 |  7- 9 | 10-12 || total
-------------------------+-------+-------+-------+-------++-------
Melee: Flail             |   160 |    23 |       |       ||   183
       Club              |       |    45 |   332 |   487 ||   864
Invok: Donate Gold       |       |       |     1 |       ||     1
       Divine Shield     |       |       |       |     1 ||     1
 Abil: Evoke Berserk Rag |       |       |     2 |     4 ||     6
  Use: Scroll            |     8 |     3 |    10 |     6 ||    27
       Potion            |     4 |     1 |     4 |     7 ||    16
  Eat: Chunk             |     1 |     5 |     7 |     5 ||    18
       Fruit             |       |       |     8 |       ||     8
       Bread ration      |       |       |       |     3 ||     3
       Meat ration       |       |       |       |     2 ||     2
       Royal jelly       |       |       |       |     1 ||     1
Armor: Scale mail        |    81 |     7 |    69 |    80 ||   237
       Skin              |       |       |       |     2 ||     2
Dodge: Dodged            |    71 |    15 |   107 |   125 ||   318
Block: Shield            |    82 |    23 |   128 |   233 ||   466
